 Dungeon Crawl Stone Soup version 0.32-a0-975-g85d4e5bfdb (webtiles) character file.

Game seed: 4358230101885163245

3124 Autsider the Sneak (level 9, -6/45 HPs)
             Began as a Vine Stalker Warper on Apr 18, 2024.
             Was a Believer of Okawaru.
             Mangled by a komodo dragon (20 damage)
             ... on level 6 of the Dungeon.
             The game lasted 00:22:31 (6735 turns).

Autsider the Sneak (Vine Stalker Warper)            Turns: 6735, Time: 00:22:32

Health: -6/45      AC: 11    Str: 14    XL:     9   Next: 91%
Magic:  0/16       EV: 13    Int: 13    God:    Okawaru [**....]
Gold:   1053       SH:  0    Dex: 18    Spells: 10/17 levels left

rFire   + . .        o - +1 dagger (venom)
rCold   + . .        (no shield)
rNeg    . . .        E - +1 robe {rC+ rF+}
rPois   .            m - +0 helmet
rElec   .            A - +0 cloak
rCorr   .            C - +0 pair of gloves
SInv    .            i - +0 pair of boots
Will    +....        (no amulet)
Stlth   ++++         w - ring of flight
HPRegen 1.07/turn    B - +4 ring of protection
MPRegen 0.15/turn

%: guardian spirit
@: flying
A: fangs 3, regeneration 1, magic shield, antimagic bite, no potion heal 2
a: Renounce Religion, Heroism


You were on level 6 of the Dungeon.
You worshipped Okawaru.
Okawaru was pleased with you.
You visited 2 branches of the dungeon, and saw 8 of its levels.

You collected 1152 gold pieces.
You spent 99 gold pieces at shops.

Inventory:

Hand Weapons
 o - a +1 dagger of venom (weapon)
 G - a +2 short sword of speed
Missiles
 d - 5 darts of dispersal
 k - 3 boomerangs
 y - 31 poisoned darts (quivered)
Armour
 b - a +0 leather armour
 i - a +0 pair of boots (worn)
 m - a +0 helmet (worn)
 A - a +0 cloak (worn)
 C - a +0 pair of gloves (worn)
 E - a +1 robe of resistance (worn)
Jewellery
 w - a ring of flight (left hand)
 B - a +4 ring of protection (right hand)
 D - a ring of willpower
 F - a +5 ring of evasion
Talismans
 f - a storm talisman
 g - a dragon-blood talisman
Wands
 c - a wand of flame (28)
 p - a wand of iceblast (6)
Scrolls
 a - 2 scrolls of teleportation {@r2}
 e - 4 scrolls of noise
 h - 4 scrolls of revelation
 j - a scroll of fog
 t - 2 scrolls of enchant armour
 u - a scroll of poison
 v - a scroll of fear {unknown}
 x - a scroll of amnesia
Potions
 l - 3 potions of curing {@q1}
 n - 3 potions of degeneration
 q - a potion of berserk rage {unknown}
 r - a potion of might {unknown}
 s - 4 potions of enlightenment {unknown}
 z - a potion of cancellation {unknown}


   Skills:
 - Level 4.0 Fighting
 + Level 6.8 Short Blades
 + Level 3.0 Throwing
 + Level 1.8 Armour
 - Level 4.0 Dodging
 + Level 7.5 Stealth
 + Level 4.5 Spellcasting
 - Level 4.0 Translocations
 + Level 1.9 Air Magic
 + Level 1.9 Alchemy
 + Level 3.0 Invocations


You had 10 spell levels left.
You knew the following spells:

 Your Spells              Type           Power      Damage    Failure   Level
a - Lesser Beckoning      Tloc           26%        N/A       6%          2
w - Mephitic Cloud        Conj/Alch/Air  6%         N/A       34%         3
z - Blink                 Tloc           26%        N/A       6%          2

Your spell library contained the following spells:

 Spells                   Type           Power      Damage    Failure   Level
 Maxwell's Portable Pile  Tloc           13%        2d(6-17)  12%         3
 Teleport Other           Tloc           13%        N/A       12%         3
 Vhi's Electric Charge    Tloc/Air       20%        N/A       50%         4
 Dazzling Flash           Conj/Hex       4%         N/A       52%         3
 Silence                  Hex/Air        2%         N/A       98%         5


Dungeon Overview and Level Annotations

Branches:
Dungeon (7/15)             Temple (1/1) D:6

Altars:
Ashenzari
Cheibriados
Dithmenos
Elyvilon
Fedhas
Gozag
Hepliaklqana
Kikubaaqudgha
Makhleb
Nemelex Xobeh
Okawaru
Qazlal
Ru
Sif Muna
Trog
Uskayaw
Vehumet
Wu Jian
Xom
Yredelemnul
Zin
The Shining One

Shops:
D:1 **   D:5 *=(!=   D:6 *


Innate Abilities, Weirdness & Mutations

You have razor-sharp teeth.
Your natural rate of healing is unusually fast.
When hurt, damage is shared between your health and your magic reserves.
Your bite disrupts and absorbs the magic of your enemies.
Potions cannot restore your health.


Message History

You barely miss the komodo dragon.
You bite the komodo dragon, but do no damage.
The komodo dragon is lightly wounded.
The komodo dragon bites you but does no damage.
You hit the komodo dragon but do no damage.
Your bite misses the komodo dragon.
The komodo dragon is lightly wounded.
The komodo dragon bites you!
* * * LOW HITPOINT WARNING * * *
Aiming: Throw Flame
Press: ? - help, Shift-Dir - straight line, f/p - komodo dragon
Aim: a komodo dragon (water, lightly wounded, poisoned, 77% to hit)
The puff of flame hits the komodo dragon.
The komodo dragon is moderately wounded.
The komodo dragon is engulfed in a cloud of scalding steam.
The komodo dragon closely misses you.
Aiming: Throw Flame
Press: ? - help, Shift-Dir - straight line, f/p - komodo dragon
Aim: a komodo dragon (steam, water, moderately wounded, poisoned, 77% to hit)
The puff of flame hits the komodo dragon!
The komodo dragon is heavily wounded.
The komodo dragon is engulfed in a cloud of scalding steam.
The komodo dragon closely misses you.
Aiming: Throw Flame
Press: ? - help, Shift-Dir - straight line, f/p - komodo dragon
Aim: a komodo dragon (water, heavily wounded, poisoned, 77% to hit)
The puff of flame hits the komodo dragon.
The komodo dragon is heavily wounded.
The komodo dragon is engulfed in a cloud of scalding steam.
The komodo dragon bites you.
* * * LOW HITPOINT WARNING * * *
You barely miss the komodo dragon.
You bite the komodo dragon, but do no damage.
The komodo dragon is almost dead.
You hit the komodo dragon but do no damage.
The komodo dragon looks even sicker.
The komodo dragon is almost dead.
The komodo dragon is engulfed in a cloud of scalding steam.
The komodo dragon bites you!!
You die...

#≈≈≈≈≈≈#...#.........
##≈≈≈≈≈≈#)).#.........
#≈≈≈≈≈≈≈##'##.........
##≈≈≈≈≈≈≈≈#......######
#≈≈≈≈≈≈≈≈≈#......#
#≈≈≈≈≈≈≈≈≈#......######
##≈≈≈≈≈≈≈≈##'##.........
#≈≈≈≈≈≈≈≈≈#...#.).......
#≈≈≈≈≈≈@≈≈#...#.........
#≈≈≈≈≈≈l≈≈#...##########
#≈≈≈≈≈≈≈≈≈#####≈≈≈≈≈≈≈≈≈
#≈≈≈≈≈≈≈≈~~≈≈≈≈~≈≈≈≈≈≈≈≈
#~~~~~≈~~~~~~~≈~~~~≈~≈~~
#..~~~~~.~~..~.~~.~.~~~~
#....................[).
#....................[..
#.########........)#####


You could see a komodo dragon (very poisoned).

Vanquished Creatures
  Sigmund (D:3)
  Menkaure (D:6)
  Edmund (D:5)
  2 water moccasins
  3 black bears
  An ice beast (D:6)
  3 ogres
  3 phantoms
  3 kobold brigands (D:6)
  A bullfrog (D:6)
  4 scorpions
  3 wights (D:6)
  A howler monkey (D:7)
  6 electric eels (D:6)
  3 hounds (D:6)
  2 orc priests
  4 bombardier beetles
  A gnoll bouda (D:6)
  4 iguanas
  A sleepcap (D:6)
  Robin (D:2)
  11 gnolls (D:6)
  5 adders
  2 white imps (D:5)
  14 orcs
  10 ball pythons
  2 bats (D:3)
  10 endoplasms
  3 giant cockroaches
  13 goblins
  18 hobgoblins
  2 jackals (D:3)
  60 kobolds
  6 quokkas
  6 frilled lizards
  3 rats
214 creatures vanquished.

Notes
Turn   | Place    | Note
-------+----------+-------------------------------------------
     0 | D:1      | Autsider the Vine Stalker Warper began the quest for the
                  | Orb.
     0 | D:1      | Reached XP level 1. HP: 11/11 MP: 4/4
   179 | D:1      | Reached skill level 1 in Stealth
   179 | D:1      | Reached XP level 2. HP: 15/15 MP: 1/6
   242 | D:1      | Found Heibil's Assorted Antiques.
   526 | D:1      | Found Jampeump's General Store.
   550 | D:1      | Bought a scroll of noise for 14 gold pieces
   571 | D:1      | Reached XP level 3. HP: 16/18 MP: 6/8
   637 | D:1      | Found a faded altar of an unknown god.
   657 | D:1      | Bought a scroll labelled LOKEUDOZAE for 23 gold pieces
   904 | D:1      | Reached skill level 2 in Stealth
  1228 | D:2      | Noticed Robin
  1259 | D:2      | Reached XP level 4. HP: 23/23 MP: 9/9
  1297 | D:2      | Killed Robin
  1839 | D:3      | Noticed Sigmund
  2001 | D:3      | Killed Sigmund
  2002 | D:3      | Reached skill level 4 in Stealth
  2002 | D:3      | Reached XP level 5. HP: 17/26 MP: 7/12
  2002 | D:3      | Reached XP level 6. HP: 20/30 MP: 7/13
  2482 | D:3      | Reached XP level 7. HP: 10/35 MP: 1/14
  2642 | D:4      | Reached skill level 5 in Stealth
  3341 | D:4      | Gained mutation: You have razor-sharp teeth. [Vine Stalker
                  | growth]
  3341 | D:4      | Reached XP level 8. HP: 39/39 MP: 15/15
  3503 | D:5      | Entered Level 5 of the Dungeon
  3507 | D:5      | Reached skill level 6 in Stealth
  3512 | D:5      | Found Ezxam's Jewellery Emporium.
  3553 | D:5      | Noticed Edmund
  3609 | D:5      | Found Kuigaf's Distillery.
  3615 | D:5      | Killed Edmund
  3645 | D:5      | Bought a potion of degeneration for 10 gold pieces
  3645 | D:5      | Bought a potion of curing for 30 gold pieces
  3698 | D:5      | Found Qeisch's General Store.
  3704 | D:5      | Bought a scroll of identify for 22 gold pieces
  3712 | D:5      | Found Eczaer's Jewellery Shoppe.
  3804 | D:5      | Reached skill level 5 in Short Blades
  4136 | D:5      | Found a hazy altar of Hepliaklqana.
  4142 | D:5      | Found an iron altar of Okawaru.
  4145 | D:5      | Became a worshipper of Warmaster Okawaru
  4149 | D:5      | Learned a level 2 spell: Blink
  4152 | D:5      | Learned a level 2 spell: Lesser Beckoning
  4181 | D:5      | Found Nuoduc's Weapon Boutique.
  4492 | D:6      | Reached skill level 1 in Throwing
  4528 | D:6      | Found a staircase to the Ecumenical Temple.
  4568 | Temple   | Entered the Ecumenical Temple
  4582 | D:6      | Found an ancient bone altar of Kikubaaqudgha.
  4595 | D:6      | Reached skill level 1 in Invocations
  4646 | D:6      | Reached XP level 9. HP: 42/44 MP: 14/16
  4717 | D:6      | Found Lurutsaf's General Store.
  4722 | D:6      | Identified a scroll of acquirement
  4724 | D:6      | Acquired 716 gold pieces
  4909 | D:6      | Reached * piety under Okawaru
  5004 | D:6      | Learned a level 3 spell: Mephitic Cloud
  5085 | D:6      | Reached skill level 1 in Armour
  5364 | D:6      | Reached skill level 7 in Stealth
  5525 | D:6      | Found an opulent altar of Gozag.
  5568 | D:6      | Reached skill level 1 in Air Magic
  5568 | D:6      | Reached skill level 1 in Alchemy
  5860 | D:6      | Reached ** piety under Okawaru
  6207 | D:6      | Noticed Menkaure
  6354 | D:6      | Killed Menkaure
  6613 | D:7      | Noticed a komodo dragon
  6735 | D:6      | Mangled by a komodo dragon

Illustrated notes

Levels and vault maps discovered:
D:1:      dpeg_chamrin_arrival_tetris, layout_basic, serial_shops,
          nicolae_shop_competitors_out_of_business, nicolae_shop_peninsula,
          chequers_ecumenical_altar_simple, minmay_misc_feat_tiny
D:2:      layout_rooms, uniq_robin
D:3:      layout_loops_ring, minmay_pentangle, uniq_sigmund
D:4:      layout_basic, abandoned_shop, serial_bayou_lake_a
D:5:      layout_loops_ring, jmf_multi_god_temple2, serial_shops,
          nicolae_shop_tiny_glass, nicolae_shop_window_shopping, shop,
          nicolae_shop_industrial_runoff, nicolae_shop_statue_plus,
          minmay_misc_feat_columns, nicolae_houndstooth_variations, uniq_edmund
D:6:      minmay_goblin_kobold_castle, layout_basic,
          mainiacjoe_overflow_catch_the_wave, minmay_temple_entry_proselytizer,
          serial_shops, shop, serial_rivers, chequers_serial_rivers_micro_a,
          chequers_serial_rivers_large_a, chequers_serial_rivers_micro_a,
          chequers_serial_rivers_micro_b, chequers_serial_rivers_micro_a,
          chequers_serial_rivers_large_b, uniq_menkaure
D:7:      layout_rooms, serial_shops, nicolae_shop_stone, nicolae_good_shop
Temple:   mainiacjoe_temple_bowtie_tessellation

Skill      XL: |  1  2  3  4  5  6  7  8  9 |
---------------+----------------------------+-----
Stealth        | 1 2 4 5 6 7 |  7.5
Dodging        | 2 3 4 |  4.0
Spellcasting   | 3 4 |  4.5
Fighting       | 2 3 4 |  4.0
Short Blades   | 2 3 6 |  6.8
Translocations | 4 |  4.0
Throwing       | 1 3 |  3.0
Invocations    | 1 3 |  3.0
Armour         | 1 |  1.8
Air Magic      | 1 |  1.9
Alchemy        | 1 |  1.9

Action                     |  1- 3 |  4- 6 |  7- 9 || total
---------------------------+-------+-------+-------++-------
  Melee: Short sword       |   150 |    74 |       ||   224
         Bite              |    30 |    44 |   160 ||   234
         Dagger            |       |    78 |   483 ||   561
  Throw: Dart              |       |       |    29 ||    29
         Boomerang         |       |       |     2 ||     2
  Evoke: Wand              |       |       |    14 ||    14
    Use: Scroll            |     1 |     2 |     7 ||    10
   Stab: Sleeping          |     3 |     7 |    15 ||    25
         Distracted        |       |     1 |     2 ||     3
 Armour: Leather armour    |    77 |    50 |   122 ||   249
         Robe              |       |       |   117 ||   117
  Dodge: Dodged            |    69 |    76 |   268 ||   413

Table legend: (Time is in decaauts)
 A = Elapsed time spent in this place.
 B = Non-inter-level travel time spent in this place.
 C = Inter-level travel time spent in this place.
 D = Time resting spent in this place.
 E = Time spent auto-exploring this place.
 F = Levels seen in this place.
 G = Mean time per level.
                   A        B        C        D        E       F      G
               +--------+--------+--------+--------+--------+-----+--------+
         Total |   6652 |   6486 |    166 |    306 |   4149 |   8 |  831.5 |
       Dungeon |   6650 |   6484 |    166 |    306 |   4149 |   7 |  950.0 |
        Temple |      1 |      1 |      0 |      0 |      0 |   1 |    1.0 |
               +--------+--------+--------+--------+--------+-----+--------+

Top non-repeatable levels by time:
     D:6: 2124 daAuts
     D:1: 1012 daAuts
     D:5: 971 daAuts
     D:3: 958 daAuts
     D:4: 920 daAuts
     D:2: 629 daAuts
     D:7: 33 daAuts
  Temple: 1 daAuts
